3AAA
HAMILTON COYOTES @ VERMONT LAKE MONSTERS
06/02/2048
 
TOP OF THE 1ST
Hamilton Coyotes batting - Pitching for Vermont Lake Monsters : LHP Jesús Árias
Pitching: LHP Jesús Árias
Batting: RHB Ron Johnson 0-0: SOLO HOME RUN (Flyball, 7D, EV 100.0 MPH), Distance : 387 ft
Batting: LHB Tomás Gutiérrez 0-0: Ball
1-0: Foul Ball, location: 2F
1-1: Foul Ball, location: 2F
1-2: Strikes out swinging
Batting: RHB Dave Curtis 0-0: Ground out 5-3 (Groundball, 25, EV 90.0 MPH)
Batting: LHB Román Ramos 0-0: Ball
1-0: Ball
2-0: Called Strike
2-1: Called Strike
2-2: Foul Ball, location: 2F
2-2: Foul Ball, location: 2F
2-2: Ball
3-2: Base on Balls
Batting: RHB Randy Moore 0-0: Called Strike
0-1: Foul Ball, location: 2F
0-2: Ball
1-2: Strikes out swinging
Top of the 1st over - 1 run, 1 hit, 0 errors, 1 left on base; Hamilton 1 - Vermont 0
BOTTOM OF THE 1ST
Vermont Lake Monsters batting - Pitching for Hamilton Coyotes : RHP Raúl Martínez
Pitching: RHP Raúl Martínez
Batting: RHB Raúl Bravo 0-0: Called Strike
0-1: Called Strike
0-2: Ball
1-2: Ball
2-2: Foul Ball, location: 2F
2-2: Ball
3-2: Fly out, F7 (Line Drive, 7, EV 91.9 MPH)
Batting: RHB Marcantonio Talamante 0-0: Swinging Strike
0-1: Called Strike
0-2: Foul Ball, location: 2F
0-2: Ball
1-2: Ground out 6-3 (Groundball, 6, EV 76.9 MPH)
Batting: LHB Duncan Hutchinson 0-0: Foul Ball, location: 2F
0-1: Ball
1-1: Ball
2-1: Foul Ball, location: 2F
2-2: Ground out 1-3 (Groundball, P, EV 75.0 MPH)
Bottom of the 1st over - 0 runs, 0 hits, 0 errors, 0 left on base; Hamilton 1 - Vermont 0
TOP OF THE 2ND
Hamilton Coyotes batting - Pitching for Vermont Lake Monsters : LHP Jesús Árias
Batting: SHB Kenny Dixon 0-0: Ball
1-0: Foul Ball, location: 2F
1-1: Fly out, F7 (Flyball, 78M, EV 88.1 MPH)
Batting: RHB Imbart Baars 0-0: Foul Ball, location: 2F
0-1: Ground out 5-3 (Groundball, 56S, EV 71.9 MPH)
Batting: LHB Steve Burnett 0-0: Called Strike
0-1: Ball
1-1: Foul Ball, location: 2F
1-2: Ball
2-2: Foul Ball, location: 2F
2-2: Foul Ball, location: 2F
2-2: Ball
3-2: Strikes out swinging
Top of the 2nd over - 0 runs, 0 hits, 0 errors, 0 left on base; Hamilton 1 - Vermont 0
BOTTOM OF THE 2ND
Vermont Lake Monsters batting - Pitching for Hamilton Coyotes : RHP Raúl Martínez
Batting: RHB Ben Smith 0-0: Called Strike
0-1: Swinging Strike
0-2: SINGLE (Groundball, 4MD, EV 106.2 MPH)
Batting: RHB Ronnie Connor 0-0: Ball
1-0: Swinging Strike
1-1: Ball
2-1: Foul Ball, location: 2F
2-2: Ball
3-2: Grounds into double play, 5-4-3 (Groundball, 15, EV 78.8 MPH)
Batting: LHB Alberto Sánchez 0-0: Called Strike
0-1: Ball
1-1: Swinging Strike
1-2: Ball
2-2: Fly out, F9 (Flyball, 9LS, EV 96.9 MPH)
Bottom of the 2nd over - 0 runs, 1 hit, 0 errors, 0 left on base; Hamilton 1 - Vermont 0
TOP OF THE 3RD
Hamilton Coyotes batting - Pitching for Vermont Lake Monsters : LHP Jesús Árias
Batting: LHB Abdul-Alim Nadeem 0-0: Swinging Strike
0-1: Ball
1-1: Foul Ball, location: 2F
1-2: Foul Ball, location: 2F
1-2: Strikes out swinging
Batting: RHB Ron Johnson 0-0: Ball
1-0: Ball
2-0: Ball
3-0: Called Strike
3-1: Swinging Strike
3-2: Strikes out swinging
Batting: LHB Tomás Gutiérrez 0-0: Called Strike
0-1: Swinging Strike
0-2: Strikes out swinging
Top of the 3rd over - 0 runs, 0 hits, 0 errors, 0 left on base; Hamilton 1 - Vermont 0
BOTTOM OF THE 3RD
Vermont Lake Monsters batting - Pitching for Hamilton Coyotes : RHP Raúl Martínez
Batting: LHB Loren Shafto 0-0: Ball
1-0: Ball
2-0: Fly out, F6 (Popup, 6MS, EV 63.1 MPH)
Batting: RHB George Holmes 0-0: Ball
1-0: Called Strike
1-1: Swinging Strike
1-2: Foul Ball, location: 2F
1-2: Ball
2-2: Ground out 6-3 (Groundball, 6, EV 100.0 MPH)
Batting: RHB Valerio Salinas 0-0: Ball
1-0: Foul Ball, location: 2F
1-1: Ball
2-1: Ball
3-1: Base on Balls
Batting: RHB Raúl Bravo 0-0: Foul Ball, location: 2F
0-1: Fly out, F2 (Popup, 15S, EV 90.6 MPH)
Bottom of the 3rd over - 0 runs, 0 hits, 0 errors, 1 left on base; Hamilton 1 - Vermont 0
TOP OF THE 4TH
Hamilton Coyotes batting - Pitching for Vermont Lake Monsters : LHP Jesús Árias
Batting: RHB Dave Curtis 0-0: Ball
1-0: Fly out, F8 (Flyball, 89D, EV 88.8 MPH)
Batting: LHB Román Ramos 0-0: Foul Ball, location: 2F
0-1: Foul Ball, location: 2F
0-2: Strikes out swinging
Batting: RHB Randy Moore 0-0: Called Strike
0-1: Swinging Strike
0-2: Ball
1-2: Ball
2-2: Foul Ball, location: 2F
2-2: Ball
3-2: Foul Ball, location: 2F
3-2: Base on Balls
Batting: SHB Kenny Dixon 0-0: Ball
1-0: Swinging Strike
1-1: Called Strike
1-2: Reached on error, E6 (Groundball, 6, EV 110.6 MPH)
Randy Moore to second
Batting: RHB Imbart Baars 0-0: Ball
1-0: Fly out, F8 (Flyball, 8LD, EV 99.4 MPH)
Top of the 4th over - 0 runs, 0 hits, 1 error, 2 left on base; Hamilton 1 - Vermont 0
BOTTOM OF THE 4TH
Vermont Lake Monsters batting - Pitching for Hamilton Coyotes : RHP Raúl Martínez
Batting: RHB Marcantonio Talamante 0-0: Ball
1-0: Called Strike
1-1: Swinging Strike
1-2: Ground out 6-3 (Groundball, 6, EV 78.8 MPH)
Batting: LHB Duncan Hutchinson 0-0: Called Strike
0-1: Ball
1-1: DOUBLE (Flyball, 8LXD, EV 109.4 MPH)
Batting: RHB Ben Smith 0-0: Called Strike
0-1: Foul Ball, location: 2F
0-2: Foul Ball, location: 2F
0-2: Fly out, F8 (Flyball, 8LD, EV 98.1 MPH)
Batting: RHB Ronnie Connor 0-0: Called Strike
0-1: Ground out 4-3 (Groundball, 4, EV 81.9 MPH)
Bottom of the 4th over - 0 runs, 1 hit, 0 errors, 1 left on base; Hamilton 1 - Vermont 0
TOP OF THE 5TH
Hamilton Coyotes batting - Pitching for Vermont Lake Monsters : LHP Jesús Árias
Batting: LHB Steve Burnett 0-0: Ball
1-0: Ball
2-0: Foul Ball, location: 2F
2-1: Foul Ball, location: 2F
2-2: Strikes out swinging
Batting: LHB Abdul-Alim Nadeem 0-0: Ball
1-0: Ball
2-0: Ball
3-0: Foul Ball, location: 2F
3-1: Base on Balls
Batting: RHB Ron Johnson 0-0: Fly out, F9 (Flyball, 9D, EV 101.9 MPH)
Batting: LHB Tomás Gutiérrez 0-0: Foul Ball, location: 2F
0-1: Called Strike
0-2: Foul Ball, location: 2F
0-2: Strikes out swinging
Top of the 5th over - 0 runs, 0 hits, 0 errors, 1 left on base; Hamilton 1 - Vermont 0
BOTTOM OF THE 5TH
Vermont Lake Monsters batting - Pitching for Hamilton Coyotes : RHP Raúl Martínez
Batting: LHB Alberto Sánchez 0-0: Ball
1-0: SINGLE (Groundball, 56D, EV 95.0 MPH)
Batting: LHB Loren Shafto 0-0: Sac Bunt to 2R - play at first, batter OUT! 2-4
Alberto Sánchez to second
Batting: RHB George Holmes 0-0: Called Strike
0-1: Ball
1-1: Ball
2-1: Called Strike
2-2: Foul Ball, location: 2F
2-2: Ball
3-2: Foul Ball, location: 2F
3-2: Foul Ball, location: 2F
3-2: Fly out, F7 (Flyball, 7, EV 83.8 MPH)
Batting: RHB Valerio Salinas 0-0: SINGLE (Groundball, 34D, EV 103.1 MPH)
Alberto Sánchez to third
Runner from 3rd tries for Home, SAFE, throw by RF to home
Valerio Salinas to second
Batting: RHB Raúl Bravo 0-0: Called Strike
0-1: Foul Ball, location: 2F
0-2: Fly out, F8 (Line Drive, 8RM, EV 105.0 MPH)
Bottom of the 5th over - 1 run, 2 hits, 0 errors, 1 left on base; Hamilton 1 - Vermont 1
TOP OF THE 6TH
Hamilton Coyotes batting - Pitching for Vermont Lake Monsters : LHP Jesús Árias
Batting: RHB Dave Curtis 0-0: Ball
1-0: Swinging Strike
1-1: Swinging Strike
1-2: Strikes out swinging
Batting: LHB Román Ramos 0-0: Foul Ball, location: 2F
0-1: Foul Ball, location: 2F
0-2: Ball
1-2: Strikes out swinging
Batting: RHB Randy Moore 0-0: Called Strike
0-1: Ball
1-1: Ground out 6-3 (Groundball, 4MS, EV 81.2 MPH)
Top of the 6th over - 0 runs, 0 hits, 0 errors, 0 left on base; Hamilton 1 - Vermont 1
BOTTOM OF THE 6TH
Vermont Lake Monsters batting - Pitching for Hamilton Coyotes : RHP Raúl Martínez
Batting: RHB Marcantonio Talamante 0-0: Foul Ball, location: 2F
0-1: Foul Ball, location: 2F
0-2: Fly out, F8 (Flyball, 8LM, EV 71.2 MPH)
Batting: LHB Duncan Hutchinson 0-0: Called Strike
0-1: Ball
1-1: Ball
2-1: Foul Ball, location: 2F
2-2: Ball
3-2: Fly out, F7 (Flyball, 7D, EV 93.8 MPH)
Batting: RHB Ben Smith 0-0: Ball
1-0: Foul Ball, location: 2F
1-1: Ground out U3 (Groundball, 3, EV 90.0 MPH)
Bottom of the 6th over - 0 runs, 0 hits, 0 errors, 0 left on base; Hamilton 1 - Vermont 1
TOP OF THE 7TH
Hamilton Coyotes batting - Pitching for Vermont Lake Monsters : LHP Jesús Árias
Pitching: RHP William Robinson
Batting: SHB Kenny Dixon 0-0: Called Strike
0-1: Swinging Strike
0-2: Ball
1-2: Ball
2-2: Ball
3-2: Strikes out swinging
Batting: RHB Imbart Baars 0-0: Ball
1-0: Called Strike
1-1: SINGLE (Line Drive, 4D, EV 109.4 MPH)
Batting: LHB Steve Burnett 0-0: Foul Ball, location: 2F
0-1: Foul Ball, location: 2F
0-2: Ball
1-2: Strikes out swinging
Batting: LHB Abdul-Alim Nadeem 0-0: Ball
1-0: Ground out 4-3 (Groundball, 4S, EV 88.1 MPH)
Top of the 7th over - 0 runs, 1 hit, 0 errors, 1 left on base; Hamilton 1 - Vermont 1
BOTTOM OF THE 7TH
Vermont Lake Monsters batting - Pitching for Hamilton Coyotes : RHP Raúl Martínez
Batting: RHB Ronnie Connor 0-0: Foul Ball, location: 2F
0-1: SOLO HOME RUN (Flyball, 9D, EV 93.1 MPH), Distance : 360 ft
Batting: LHB Alberto Sánchez 0-0: Swinging Strike
0-1: Fly out, F6 (Flyball, 56D, EV 88.8 MPH)
Batting: LHB Loren Shafto 0-0: Called Strike
0-1: Ball
1-1: Ground out 3-1 (Groundball, 34S, EV 63.1 MPH)
Batting: RHB George Holmes 0-0: Ball
1-0: Ball
2-0: Foul Ball, location: 2F
2-1: Ball
3-1: Base on Balls
Pitching: RHP Jacob Messer
Batting: RHB Valerio Salinas 0-0: Foul Ball, location: 2F
0-1: Swinging Strike
0-2: Strikes out swinging
Bottom of the 7th over - 1 run, 1 hit, 0 errors, 1 left on base; Hamilton 1 - Vermont 2
TOP OF THE 8TH
Hamilton Coyotes batting - Pitching for Vermont Lake Monsters : RHP William Robinson
Batting: RHB Ron Johnson 0-0: Ball
1-0: Called Strike
1-1: Swinging Strike
1-2: Strikes out swinging
Batting: LHB Tomás Gutiérrez 0-0: Called Strike
0-1: Swinging Strike
0-2: Foul Ball, location: 2F
0-2: Strikes out swinging
Batting: RHB Dave Curtis 0-0: Called Strike
0-1: Ball
1-1: Called Strike
1-2: Foul Ball, location: 2F
1-2: SINGLE (Groundball, 4MD, EV 97.5 MPH)
Batting: LHB Román Ramos 0-0: Called Strike
0-1: Ball
1-1: Called Strike
1-2: Ball
2-2: Strikes out swinging
Top of the 8th over - 0 runs, 1 hit, 0 errors, 1 left on base; Hamilton 1 - Vermont 2
BOTTOM OF THE 8TH
Vermont Lake Monsters batting - Pitching for Hamilton Coyotes : RHP Jacob Messer
Batting: RHB Raúl Bravo 0-0: Swinging Strike
0-1: Swinging Strike
0-2: Strikes out looking
Batting: RHB Marcantonio Talamante 0-0: Called Strike
0-1: Called Strike
0-2: Ball
1-2: Ground out 5-3 (Groundball, 56, EV 85.0 MPH)
Batting: LHB Duncan Hutchinson 0-0: Called Strike
0-1: Called Strike
0-2: Ball
1-2: Ball
2-2: Fly out, F8 (Flyball, 8LM, EV 90.6 MPH)
Bottom of the 8th over - 0 runs, 0 hits, 0 errors, 0 left on base; Hamilton 1 - Vermont 2
TOP OF THE 9TH
Hamilton Coyotes batting - Pitching for Vermont Lake Monsters : RHP William Robinson
Batting: RHB Randy Moore 0-0: Ball
1-0: Ground out 4-3 (Groundball, 4M, EV 81.2 MPH)
Batting: SHB Kenny Dixon 0-0: Ball
1-0: Foul Ball, location: 2F
1-1: Foul Ball, location: 2F
1-2: Foul Ball, location: 2F
1-2: Foul Ball, location: 2F
1-2: Fly out, F8 (Line Drive, 8RM, EV 91.9 MPH)
Batting: RHB Imbart Baars 0-0: Called Strike
0-1: Fly out, F6 (Popup, 6MD, EV 55.6 MPH)
Top of the 9th over - 0 runs, 0 hits, 0 errors, 0 left on base; Hamilton 1 - Vermont 2
Monday, October 31st , 2022 - OOTP Baseball 22.12 Build 89